 Dungeon Crawl Stone Soup version 0.27.0-1-g7a089689b8 (webtiles) character file.

Game seed: 6239272063582042795

413 fiver49 the Chopper (level 7, 0/50 HPs)
             Began as a Formicid Warper on Aug 2, 2021.
             Killed from afar by an orc wizard (7 damage)
             ... with a puff of flame
             ... on level 3 of the Dungeon.
             The game lasted 00:06:23 (5528 turns).

fiver49 the Chopper (Formicid Warper)               Turns: 5528, Time: 00:06:23

Health: 0/50       AC:  8    Str: 18    XL:     7   Next: 14%
Magic:  10/10      EV:  6    Int: 12    God:
Gold:   193        SH:  3    Dex: 10    Spells: 10/10 levels left

rFire    . . .     SeeInvis +   a - +0 hand axe (flame)
rCold    . . .     Faith    .   v - +0 buckler
rNeg     . . .     Spirit   .   h - +0 chain mail
rPois    .         Reflect  .   (helmet unavailable)
rElec    .         Harm     .   (no cloak)
rCorr    .         Rampage  .   (no gloves)
Will     .....                  (no boots)
Stlth    ..........             (no amulet)
HPRegen  0.16/turn              (no ring)
MPRegen  0.12/turn              (no ring)

@: no status effects
A: permanent stasis, dig shafts and tunnels, antennae 3, four strong arms
a: Dig, Shaft Self


You were on level 3 of the Dungeon.
You visited 1 branch of the dungeon, and saw 4 of its levels.
You also visited: Ossuary.

You collected 193 gold pieces.

Inventory:

Hand Weapons
 a - a +0 hand axe of flaming (weapon)
 w - a +0 war axe
Missiles
 c - 11 boomerangs of dispersal
 o - 3 atropa-tipped darts (quivered)
Armour
 b - a +0 leather armour
 g - a +0 scale mail
 h - a +0 chain mail (worn)
 v - a +0 buckler (worn)
Scrolls
 d - 2 scrolls of teleportation
 m - 5 scrolls of identify {unknown}
 p - a scroll of magic mapping {unknown}
 q - 2 scrolls of brand weapon
Potions
 e - 2 potions of flight {unknown}
 n - a potion of magic {unknown}
 r - 2 potions of brilliance {unknown}
 s - 2 potions of lignification {unknown}
 t - 2 potions of heal wounds
 u - a potion of curing


   Skills:
 - Level 2.1 Fighting
 + Level 7.2 Axes
 - Level 1.0 Throwing
 - Level 1.1 Armour
 - Level 1.7 Dodging
 - Level 2.1 Spellcasting
 - Level 2.6 Translocations


You had 10 spell levels left.
You didn't know any spells.
Your spell library contained the following spells:

 Spells                   Type           Power      Damage    Failure   Level
 Apportation              Tloc           14%        N/A       92%         1
 Gell's Gravitas          Tloc           3%         N/A       100%        3
 Lesser Beckoning         Tloc           3%         N/A       100%        3
 Teleport Other           Tloc           7%         N/A       100%        3
 Alistair's Intoxication  Tmut/Pois      0%         N/A       100%        5
 Manifold Assault         Tloc           7%         N/A       100%        5
 Invisibility             Hex            0%         N/A       100%        6
 Blink                    Tloc           Unusable   N/A       N/A         2

Dungeon Overview and Level Annotations

Branches:
Dungeon (4/15)            Ossuary (visited)
 Temple: D:4-7

Altars:
Beogh


Innate Abilities, Weirdness & Mutations

You cannot be hasted, slowed, berserked, paralysed or teleported.
You can dig through walls and to a lower floor.
You have a pair of large antennae on your head. (SInv)
Your four strong arms can wield two-handed weapons with a shield.


Message History

The orc priest is moderately wounded.
You barely miss the orc wizard.
The orc wizard hits you but does no damage.
The orc priest hits you with a +0 whip.
You hit the orc priest. You burn the orc priest.
The orc priest is severely wounded.
You closely miss the orc wizard.
The orc wizard hits you but does no damage.
The orc priest invokes the aid of Beogh against you.
Pain shoots through your body!
You hit the orc priest. You burn the orc priest.
The orc priest is almost dead.
You barely miss the orc wizard.
The orc wizard hits you with a +2 dagger of protection.
The orc priest casts a cantrip, but nothing happens.
You hit the orc priest but do no damage.
The orc priest is almost dead.
You closely miss the orc wizard.
The orc wizard points at you and mumbles some strange words.
You easily resist.
The orc priest looks encouraged for a moment.
You barely miss the orc priest.
The orc priest is almost dead.
You hit the orc wizard but do no damage.
The orc wizard hits you with a +2 dagger of protection.
The orc priest hits you with a +0 whip.
* * * LOW HITPOINT WARNING * * *
You hit the orc priest but do no damage.
The orc priest is almost dead.
You hit the orc wizard but do no damage.
The orc wizard hits you but does no damage.
The orc priest mumbles some strange prayers to Beogh against you.
Beogh smites you!
* * * LOW HITPOINT WARNING * * *
You closely miss the orc priest.
The orc priest is almost dead.
You closely miss the orc wizard.
The orc wizard points at you and mumbles some strange words.
The puff of flame hits you!
You die...

### ..# #.######### ###
..........#############.##
#.#######.##...o@o.......#
#..........#.##########.##
........................#
....####.....##########.#
##### #...### #.#
########...# #.#
...........###### #.#
########........# ##.#
...........####.# #..#


You could see an orc priest and an orc wizard.

Vanquished Creatures
  A centaur (D:3)
  An elf zombie (Ossuary)
  2 hounds
  A human zombie (Ossuary)
  An orc priest (D:3)
  4 mummies (Ossuary)
  2 adders (D:3)
  An ufetubus (D:2)
  An adder zombie (Ossuary)
  A worm (D:4)
  2 dart slugs
  An endoplasm (D:2)
  A giant cockroach (D:3)
  5 goblins
  10 hobgoblins
  4 jackals (D:3)
  4 quokkas (D:3)
  4 ball pythons
  4 bats
  4 frilled lizards
  A gnoll zombie (Ossuary)
  A goblin zombie (Ossuary)
  A hobgoblin zombie (Ossuary)
  6 kobolds
  2 kobold zombies (Ossuary)
  An orc zombie (Ossuary)
  2 rats
  3 rat zombies (Ossuary)
71 creatures vanquished.

Notes
Turn   | Place    | Note
-------+----------+-------------------------------------------
     0 | D:1      | fiver49 the Formicid Warper began the quest for the Orb.
     0 | D:1      | Reached XP level 1. HP: 16/16 MP: 3/3
   252 | D:1      | Reached XP level 2. HP: 17/22 MP: 5/5
   401 | D:1      | You fall into a shaft and drop 1 floor!
   709 | D:1      | Reached skill level 3 in Axes
  1152 | D:1      | Reached XP level 3. HP: 27/27 MP: 6/6
  1311 | D:2      | Reached skill level 4 in Axes
  1311 | D:2      | Reached XP level 4. HP: 17/33 MP: 7/7
  3047 | D:3      | HP: 1/33 [adder (4)]
  3060 | D:3      | Reached XP level 5. HP: 31/38 MP: 8/8
  3128 | D:3      | Noticed a centaur
  3146 | D:3      | HP: 1/38 [centaur (4)]
  3147 | D:3      | Killed a centaur
  3148 | D:3      | Reached skill level 5 in Axes
  3835 | D:4      | Reached XP level 6. HP: 31/44 MP: 9/9
  4011 | D:4      | Found a sand-covered staircase.
  4031 | D:4      | Reached skill level 6 in Axes
  4110 | Ossuary  | Entered an ossuary
  4753 | Ossuary  | Reached XP level 7. HP: 50/50 MP: 10/10
  4791 | Ossuary  | Reached skill level 7 in Axes
  5528 | D:3      | Killed from afar by an orc wizard

Illustrated notes

Levels and vault maps discovered:
D:1:      minmay_arrival_loop, layout_basic
D:2:      minmay_skewed_foursquare, layout_basic, minmay_parallelograms
D:3:      layout_loops_ring
D:4:      layout_basic, nicolae_ossuary_entry_ruins, serial_park_tiny_pond,
          kennysheep_orc_chapel

Skill      XL: |  1  2  3  4  5  6  7 |
---------------+----------------------+-----
Axes           | 3 4 5 6 7 |  7.2
Fighting       | |  2.1
Throwing       | |  1.0
Armour         | |  1.1
Dodging        | |  1.7
Spellcasting   | |  2.1
Translocations | |  2.6

Action                   |  1- 3 |  4- 6 |  7- 9 || total
-------------------------+-------+-------+-------++-------
Melee: Hand axe          |    83 |   220 |    43 ||   346
Throw: Dart              |       |       |     2 ||     2
  Use: Potion            |       |     4 |       ||     4
       Scroll            |       |     4 |       ||     4
Armor: Leather armour    |    11 |       |       ||    11
       Chain mail        |    21 |   142 |    16 ||   179
Dodge: Dodged            |    42 |   100 |    12 ||   154
Block: Buckler           |       |       |     3 ||     3
